 Dungeon Crawl Stone Soup version 0.29.0-15-g675c0067aa (webtiles) character file.

Game seed: 6407881257632855927

134 Bartlander the Shooter (level 5, -1/39 HPs)
             Began as a Barachi Hunter on Sept 11, 2022.
             Slain by a goblin
             ... wielding a +0 dagger
             ... led by Robin
              (3 damage)
             ... on level 3 of the Dungeon.
             The game lasted 00:07:30 (1404 turns).

Bartlander the Shooter (Barachi Hunter)             Turns: 1404, Time: 00:07:31

Health: -1/39      AC:  3    Str: 12    XL:     5   Next: 17%
Magic:  5/5        EV: 12    Int:  9    God:
Gold:   64         SH:  0    Dex: 18    Spells: 4/4 levels left

rFire   . . .      SeeInvis .   a - +1 shortbow
rCold   . . .      Faith    .   (shield currently unavailable)
rNeg    . . .      Spirit   .   c - +0 leather armour
rPois   .          Reflect  .   (no helmet)
rElec   .          Harm     .   (no cloak)
rCorr   .          Rampage  .   (no gloves)
Will    .....                   (no boots)
Stlth   +.........              (no amulet)
HPRegen 0.13/turn               (no ring)
MPRegen 0.09/turn               (no ring)

@: lethally poisoned (-1 -> -3), silenced (expiring), slow
A: amphibious, slowness 1, strong legs 1, +LOS
a: Hop


You were on level 3 of the Dungeon.
You visited 1 branch of the dungeon, and saw 3 of its levels.

You collected 64 gold pieces.

Inventory:

Hand Weapons
 a - a +1 shortbow (weapon)
Armour
 c - a +0 leather armour (worn)
Wands
 k - a wand of flame (23)
Scrolls
 b - a scroll of immolation
 f - 2 scrolls of identify
 i - a scroll of teleportation {unknown}
 j - a scroll of summoning {unknown}
Potions
 h - 2 potions of ambrosia
 l - a potion of degeneration {unknown}


   Skills:
 - Level 2.4 Fighting
 + Level 6.3 Ranged Weapons
 - Level 2.1 Dodging
 - Level 0.8 Stealth


You had 4 spell levels left.
You didn't know any spells.
Your spell library was empty.

Dungeon Overview and Level Annotations

Branches:
Dungeon (3/15)

Altars:

Shops:
D:3 =

Annotations:
D:2 Natasha, Sigmund, Terence


Innate Abilities, Weirdness & Mutations

You are amphibious.
You cover ground slowly.
You can hop short distances.
You have an extended range of vision and can be seen from far away.


Message History

The adder bites you but does no damage.
The goblin unwields a +0 sling.
The goblin wields a +0 dagger.
The goblin hits you with a +0 dagger.
Fire: a) +1 shortbow
Press: ? - help, Q - select action, (/) - cycle Shift-Dir - straight line, f/p - adder
Aim: an adder (silenced, lightly wounded, 51% to hit)
You shoot an arrow. The arrow hits the adder.
The adder is heavily wounded.
The adder bites you.
You are poisoned.
The adder poisons you! The goblin hits you but does no damage.
The goblin hits you with a +0 dagger. The adder bites you but does no damage.
Fire: a) +1 shortbow
Press: ? - help, Q - select action, (/) - cycle Shift-Dir - straight line, f/p - adder
Aim: an adder (silenced, heavily wounded, 51% to hit)
You shoot an arrow. The arrow hits the adder!
You kill the adder!
You are ready to hop once more.
You feel sick. The goblin hits you but does no damage.
The goblin closely misses you. x2
A hobgoblin comes into view.
The goblin closely misses you.
Fire: a) +1 shortbow
Press: ? - help, Q - select action, (/) - cycle Shift-Dir - straight line, f - goblin
Aim: a goblin, wielding a +0 dagger (silenced, 60% to hit)
You shoot an arrow. The arrow barely misses the goblin.
You feel sick. The goblin hits you but does no damage.
The goblin hits you with a +0 club.
* * * LOW HITPOINT WARNING * * *
The goblin barely misses you.
Fire: a) +1 shortbow
Press: ? - help, Q - select action, (/) - cycle Shift-Dir - straight line, f/p - goblin
Aim: a goblin, wielding a +0 dagger (60% to hit)
You shoot an arrow.
The arrow hits the goblin but does no damage.
You feel sick. The goblin hits you with a +0 dagger.
* * * LOW HITPOINT WARNING * * *
The goblin hits you with a +0 club.
* * * LOW HITPOINT WARNING * * *
The goblin hits you with a +0 dagger.
You die...

.................
.....>........#
.........##.g#####
.................##
..#.###.....†.....##
.##.# ##...........#
##..####...........#
##.###.........gg..#
...†..†##......g@.##
....>..###.......)..#
........######†.#...#
........# .........#
........# ..........#
........#............#
........#.?........#.#
.......##..........###
......###..........#


You could see 4 goblins.

Vanquished Creatures
  Natasha (D:2)
  5 adders
  A worm (D:3)
  2 dart slugs (D:1)
  7 endoplasms
  5 giant cockroaches
  5 hobgoblins
  3 quokkas (D:1)
  4 ball pythons
  7 bats
  4 frilled lizards
  6 goblins
  5 kobolds
55 creatures vanquished.

Notes
Turn   | Place    | Note
-------+----------+-------------------------------------------
     0 | D:1      | Bartlander the Barachi Hunter began the quest for the Orb.
     0 | D:1      | Reached XP level 1. HP: 17/17 MP: 1/1
   174 | D:1      | Found a faded altar of an unknown god.
   183 | D:1      | Reached XP level 2. HP: 23/23 MP: 2/2
   668 | D:1      | Reached XP level 3. HP: 28/28 MP: 3/3
   694 | D:1      | Reached skill level 5 in Ranged Weapons
   755 | D:2      | Noticed Natasha
   820 | D:2      | Noticed Terence
   876 | D:2      | Killed Natasha
   877 | D:2      | Reached XP level 4. HP: 24/34 MP: 4/4
  1198 | D:2      | Noticed Sigmund
  1231 | D:3      | Found Gyili Mor's One-of-a-Kind Rings.
  1295 | D:3      | Reached skill level 6 in Ranged Weapons
  1316 | D:3      | Reached XP level 5. HP: 39/39 MP: 5/5
  1373 | D:2      | Noticed Natasha
  1404 | D:3      | Slain by a goblin

Illustrated notes

Levels and vault maps discovered:
D:1:      ncdulo_halloftheorcs, layout_rooms, ebering_ecumenical_altar_webs
D:2:      layout_rooms, grunt_decor_mini_mirrors, uniq_natasha, uniq_terence,
          uniq_sigmund
D:3:      layout_rooms, corexii_shack, nicolae_shop_unique_rings, uniq_robin

Skill      XL: |  1  2  3  4 |
---------------+-------------+-----
Ranged Weapons | 5 6 |  6.3
Fighting       | |  2.4
Dodging        | |  2.1
Stealth        | |  0.8

Action                   |  1- 3 |  4- 6 || total
-------------------------+-------+-------++-------
 Fire: Shortbow          |    96 |    65 ||   161
 Abil: Hop               |     2 |     3 ||     5
  Use: Scroll            |     4 |     1 ||     5
       Potion            |       |     3 ||     3
Armor: Leather armour    |     9 |    15 ||    24
Dodge: Dodged            |    32 |    30 ||    62
